AoeStats
← 123

MegaRandom

508547171Analyzed
4v4 RM · 8d ago on Sep 23, 2026· 64m 14s· 8 players
Game mode
Random Map
Map size
Large (8 player)
Population
200
Speed
Normal
Resources
Standard
Victory
Conquest
Starting age
Dark Age
Ending age
Imperial Age
RankedLock teamsTeams togetherTeam positionsShared explorationLock speedFull tech treeHidden civsTurbo modeCheats
Victory
Defeat
🇨🇱 Goths · Chile
1060
+9
🇨🇱 Magyars · Chile
1032
+10
🇨🇱 Varangians · Chile
971
+12
🇨🇱 Koreans · Chile
954
+14
🇨🇱 Lithuanians · Chile
1045
-16
🇨🇱 Khmer · Chile
878
-11
🇨🇱 Danes · Chile
861
-10
🇨🇱 Japanese · Chile
801
-8
danieleduka
2:38 Loom
10:31 Feudal Age
11:47 Double-Bit Axe
19:10 Castle Age
18:07 Stone Mining
18:07 Gold Mining
26:23 Pikeman
31:44 Imperial Age
33:07 Wheelbarrow
33:01 Elite Jarl
34:41 Gothikon
35:59 Squires
36:56 Bow Saw
37:29 Hand Cart
39:33 Forging
39:14 Fletching
39:25 Scale Mail Armor
39:30 Scale Barding Armor
39:26 Padded Archer Armor
40:18 Elite Varangian Guard
46:31 Chemistry
45:28 Murder Holes
45:31 Bodkin Arrow
46:14 Iron Casting
47:18 Halberdier
51:52 Arson
elcalientamadres202
1:20 Loom
13:47 Feudal Age
14:16 Double-Bit Axe
14:17 Horse Collar
15:44 Gold Mining
20:35 Fletching
21:56 Wheelbarrow
25:09 Castle Age
26:13 Crossbowman
27:00 Thumb Ring
27:51 Gold Shaft Mining
27:18 Heavy Plow
33:34 Imperial Age
31:32 Ballistics
31:43 Bodkin Arrow
35:06 Arbalester
36:14 Bow Saw
36:18 Bracer
41:56 Capped Ram
46:50 Chemistry
63:27 Murder Holes
63:54 Spies/Treason
123
12:28 Feudal Age
20:51 Castle Age
24:29 Horse Collar
24:36 Double-Bit Axe
26:27 Corvinian Army
27:11 Scale Barding Armor
27:08 Scale Mail Armor
32:03 Caravan
34:44 Imperial Age
32:45 Heavy Plow
33:09 Bow Saw
34:52 Wheelbarrow
34:03 Town Watch
36:39 Conscription
35:40 Elite Magyar Huszar
38:09 Crop Rotation
38:31 Town Patrol
39:10 Chain Barding Armor
44:36 Plate Barding Armor
44:38 Hand Cart
53:58 Chain Mail Armor
55:34 Masonry
59:21 Hoardings
60:09 Spies/Treason
60:15 Spies/Treason
Slade One
1:37 Loom
12:03 Feudal Age
17:39 Castle Age
16:09 Double-Bit Axe
16:20 Horse Collar
19:35 Bow Saw
20:46 Wheelbarrow
20:16 Heavy Plow
23:06 Hand Cart
23:36 Stone Mining
23:37 Gold Mining
25:40 Stone Shaft Mining
29:25 Imperial Age
28:28 Town Watch
29:48 Forging
29:38 Scale Mail Armor
31:42 Two-Man Saw
30:59 Squires
31:28 Elite Huskarl
32:10 Perfusion
32:31 Conscription
33:16 Anarchy
34:13 Iron Casting
33:54 Chain Mail Armor
38:21 Blast Furnace
37:35 Pikeman
38:35 Halberdier
59:54 Spies/Treason
60:58 Man-at-Arms
61:51 Guilds
62:12 Coinage
61:42 Caravan
61:49 Scale Barding Armor
61:45 Padded Archer Armor
61:36 Fletching
62:13 Illumination
61:44 Herbal Medicine
CristianBastias
5:59 Loom
11:06 Feudal Age
20:17 Castle Age
18:41 Stone Mining
20:11 Wheelbarrow
19:31 Gold Mining
19:30 Double-Bit Axe
19:37 Horse Collar
21:29 Bow Saw
21:47 Husbandry
21:58 Bloodlines
26:43 Hand Cart
32:57 Imperial Age
31:06 Caravan
31:40 Heavy Plow
32:17 Stone Shaft Mining
32:18 Gold Shaft Mining
32:27 Gold Shaft Mining
32:47 Town Watch
33:23 Tusk Swords
35:01 Elite Ballista Elephant
35:58 Double Crossbow
37:17 Town Patrol
40:18 Chemistry
39:17 Fletching
39:33 Scale Barding Armor
39:29 Padded Archer Armor
Hisoku
11:52 Feudal Age
12:53 Horse Collar
13:05 Double-Bit Axe
20:39 Castle Age
22:52 Wheelbarrow
22:57 Heavy Plow
23:20 Bow Saw
24:36 Hand Cart
24:38 Loom
24:38 Town Watch
25:01 Scale Barding Armor
25:08 Forging
25:16 Gold Mining
25:20 Stone Mining
27:51 Town Patrol
28:17 Chain Barding Armor
33:41 Imperial Age
35:00 Iron Casting
35:14 Conscription
35:45 Crop Rotation
34:42 Elite Leitis
36:57 Hoardings
37:01 Stone Shaft Mining
38:35 Two-Man Saw
38:34 Plate Barding Armor
40:31 Treadmill Crane
40:48 Murder Holes
41:07 Fortified Wall
44:26 Bloodlines
44:17 Husbandry
Codicia01
5:03 Loom
10:10 Feudal Age
10:51 Double-Bit Axe
11:23 Horse Collar
13:15 Fishing Lines
15:22 Wheelbarrow
23:06 Castle Age
21:29 Stone Mining
22:02 Gold Mining
22:31 Forging
22:22 Scale Mail Armor
22:18 Town Watch
24:24 Gillnets
25:01 Squires
24:23 Pikeman
26:58 Hand Cart
27:06 Bow Saw
28:17 Iron Casting
27:58 Chain Mail Armor
28:25 Scale Barding Armor
28:11 Fletching
28:22 Padded Archer Armor
29:24 Gold Shaft Mining
29:25 Stone Shaft Mining
29:40 Heavy Plow
35:08 Imperial Age
35:47 Chain Barding Armor
35:24 Bodkin Arrow
37:56 Elite Varangian Guard
38:23 Arson
39:27 Hamask
40:54 Bracer
42:01 Conscription
44:33 Blast Furnace
46:27 Plate Mail Armor
48:25 Halberdier
49:00 Elite Jomsviking
52:15 Plate Barding Armor
51:56 Leather Archer Armor
xboxchaker1196
1:04 Loom
12:53 Feudal Age
13:50 Double-Bit Axe
13:53 Horse Collar
22:00 Castle Age
20:02 Stone Mining
20:03 Gold Mining
21:25 Fishing Lines
23:03 Heavy Plow
25:30 Gold Shaft Mining
26:13 Bow Saw
25:53 Man-at-Arms
28:58 Wheelbarrow
29:21 Scale Mail Armor
32:57 Imperial Age
32:24 Elite Skirmisher
40:37 Long Swordsman
43:19 Two-Man Saw
42:37 Hand Cart
42:32 Capped Ram
44:00 Two-Handed Swordsman
44:08 Elite Samurai
47:28 Champion
52:49 Padded Archer Armor
52:59 Forging
Connection lost

Rejoining the realm…

Still unreachable

The connection could not be restored.

Session expired

The server has moved on; the page needs a fresh start.